APP
JOHNSON CITY CARDINALS @ DANVILLE BRAVES
08/27/2046
 
TOP OF THE 1ST
Johnson City Cardinals batting - Pitching for Danville Braves : RHP Rick Grenfell
Pitching: RHP Rick Grenfell
Batting: RHB Nick Latulippe 0-0: Ball
1-0: Swinging Strike
1-1: Swinging Strike
1-2: Foul Ball, location: 2F
1-2: Strikes out swinging
Batting: SHB Justin Towry 0-0: Ball
1-0: Ball
2-0: Ball
3-0: Base on Balls
Batting: LHB Ken Compton 0-0: Ball
1-0: Ball
2-0: Ball
3-0: Fielders Choice at 2nd, 4-6 (Groundball, 34, EV 108.1 MPH)
Batting: LHB Billy Lang 0-0: Ball
1-0: Called Strike
1-1: Called Strike
Ken Compton steals 2nd base
1-2: Foul Ball, location: 2F
1-2: Ball
2-2: Foul Ball, location: 2F
2-2: Foul Ball, location: 2F
2-2: SINGLE (Line Drive, 8RS, EV 95.0 MPH)
Ken Compton to third
Batting: RHB Geoff Musico 0-0: Ball
1-0: Ball
2-0: Ball
3-0: Base on Balls
Billy Lang to second
Batting: LHB Mike East 0-0: Called Strike
0-1: Ball
1-1: Foul Ball, location: 2F
1-2: Foul Ball, location: 2F
1-2: SINGLE (Line Drive, 4MD, EV 98.1 MPH)
Ken Compton scores
Billy Lang to third
Geoff Musico to second
Runner from 3rd tries for Home, SAFE, throw by CF to home
Batting: RHB Bobby Miles 0-0: Called Strike
0-1: Ball
1-1: Swinging Strike
1-2: Ball
2-2: Ball
3-2: Foul Ball, location: 2F
3-2: Base on Balls
Geoff Musico to third
Mike East to second
Batting: RHB Edgar Klockow 0-0: Called Strike
0-1: Swinging Strike
0-2: Ball
1-2: Ball
2-2: Strikes out swinging
Top of the 1st over - 2 runs, 2 hits, 0 errors, 3 left on base; Johnson City 2 - Danville 0
BOTTOM OF THE 1ST
Danville Braves batting - Pitching for Johnson City Cardinals : LHP Craig Soole
Pitching: LHP Craig Soole
Batting: RHB Rafael Reyes 0-0: Ball
1-0: Ball
2-0: Ball
3-0: Called Strike
3-1: Fly out, F7 (Line Drive, 7LM, EV 104.4 MPH)
Batting: RHB Gebre-Giorgios Wangondu 0-0: Ground out 4-3 (Groundball, 34, EV 99.4 MPH)
Batting: LHB Tamaichi Sasada 0-0: Called Strike
0-1: Called Strike
0-2: Foul Ball, location: 2F
0-2: Foul Ball, location: 2F
0-2: Foul Ball, location: 2F
0-2: Ground out 3-1 (Groundball, 13, EV 83.1 MPH)
Bottom of the 1st over - 0 runs, 0 hits, 0 errors, 0 left on base; Johnson City 2 - Danville 0
TOP OF THE 2ND
Johnson City Cardinals batting - Pitching for Danville Braves : RHP Rick Grenfell
Batting: RHB Sam Daw 0-0: Fly out, F8 (Flyball, 78S, EV 83.1 MPH)
Batting: RHB Nick Latulippe 0-0: Called Strike
0-1: Ball
1-1: DOUBLE (Groundball, 5L, EV 101.9 MPH)
Batting: SHB Justin Towry 0-0: Foul Ball, location: 2F
0-1: Ball
1-1: Ball
2-1: Ball
3-1: Called Strike
3-2: Foul Ball, location: 2F
3-2: Foul Ball, location: 2F
3-2: Base on Balls
Batting: LHB Ken Compton 0-0: Called Strike
0-1: Foul Ball, location: 2F
0-2: Ball
1-2: Ball
2-2: Ball
3-2: Fielders Choice at 2nd, 5-4 (Groundball, 5, EV 88.8 MPH)
Nick Latulippe to third
Batting: LHB Billy Lang 0-0: Called Strike
0-1: Fielders Choice at 2nd, 6-4 (Groundball, 6, EV 88.1 MPH)
Top of the 2nd over - 0 runs, 1 hit, 0 errors, 2 left on base; Johnson City 2 - Danville 0
BOTTOM OF THE 2ND
Danville Braves batting - Pitching for Johnson City Cardinals : LHP Craig Soole
Batting: RHB Tim Molchan 0-0: Ball
1-0: Foul Ball, location: 2F
1-1: Ball
2-1: Fly out, F8 (Flyball, 8LD, EV 95.0 MPH)
Batting: RHB Dave Pizarro 0-0: Swinging Strike
0-1: Ball
1-1: Foul Ball, location: 2F
1-2: Strikes out looking
Batting: RHB Chris Trites 0-0: Called Strike
0-1: Ball
1-1: Foul Ball, location: 2F
1-2: Foul Ball, location: 2F
1-2: SOLO HOME RUN (Line Drive, 7LD, EV 92.5 MPH), Distance : 343 ft
Batting: RHB Tony Cabrera 0-0: Ball
1-0: Ball
2-0: Swinging Strike
2-1: Called Strike
2-2: Ground out 6-3 (Groundball, 6, EV 80.0 MPH)
Bottom of the 2nd over - 1 run, 1 hit, 0 errors, 0 left on base; Johnson City 2 - Danville 1
TOP OF THE 3RD
Johnson City Cardinals batting - Pitching for Danville Braves : RHP Rick Grenfell
Batting: RHB Geoff Musico 0-0: Swinging Strike
0-1: Fly out, F4 (Popup, 23, EV 83.8 MPH)
Batting: LHB Mike East 0-0: Ball
1-0: Ball
2-0: Called Strike
2-1: Ground out 4-3 (Groundball, 4S, EV 70.6 MPH)
Batting: RHB Bobby Miles 0-0: Ball
1-0: Fly out, F7 (Flyball, 7, EV 84.4 MPH)
Top of the 3rd over - 0 runs, 0 hits, 0 errors, 0 left on base; Johnson City 2 - Danville 1
BOTTOM OF THE 3RD
Danville Braves batting - Pitching for Johnson City Cardinals : LHP Craig Soole
Batting: RHB Vicente Guillen 0-0: Ball
1-0: Fly out, F9 (Flyball, 9, EV 92.5 MPH)
Batting: RHB Curtis Montgomery 0-0: Called Strike
0-1: Called Strike
0-2: Strikes out looking
Batting: RHB Rafael Reyes 0-0: Ball
1-0: Ball
2-0: Foul Ball, location: 2F
2-1: Ball
3-1: Swinging Strike
3-2: Foul Ball, location: 2F
3-2: Base on Balls
Batting: RHB Gebre-Giorgios Wangondu 0-0: Foul Ball, location: 2F
0-1: Ball
1-1: Foul Ball, location: 2F
1-2: TRIPLE (Line Drive, 89XD, EV 102.5 MPH)
Rafael Reyes scores
Batting: LHB Tamaichi Sasada 0-0: Ball
1-0: Ground out 5-3 (Groundball, 56S, EV 81.2 MPH)
Bottom of the 3rd over - 1 run, 1 hit, 0 errors, 1 left on base; Johnson City 2 - Danville 2
TOP OF THE 4TH
Johnson City Cardinals batting - Pitching for Danville Braves : RHP Rick Grenfell
Batting: RHB Edgar Klockow 0-0: Ground out 6-3 (Groundball, 6, EV 86.9 MPH)
Batting: RHB Sam Daw 0-0: Foul Ball, location: 2F
0-1: Called Strike
0-2: Ball
1-2: Ball
2-2: Ball
3-2: Strikes out swinging
Batting: RHB Nick Latulippe 0-0: Ball
1-0: Called Strike
1-1: SINGLE (Line Drive, 9S, EV 101.9 MPH)
Batting: SHB Justin Towry 0-0: Ball
1-0: Called Strike
1-1: Ball
2-1: Fielders Choice at 2nd, 6-4 (Groundball, 6, EV 85.6 MPH)
Top of the 4th over - 0 runs, 1 hit, 0 errors, 1 left on base; Johnson City 2 - Danville 2
BOTTOM OF THE 4TH
Danville Braves batting - Pitching for Johnson City Cardinals : LHP Craig Soole
Batting: RHB Tim Molchan 0-0: Ball
1-0: Fly out, F6 (Line Drive, 6MD, EV 68.1 MPH)
Batting: RHB Dave Pizarro 0-0: Foul Ball, location: 2F
0-1: Ball
1-1: Swinging Strike
1-2: Ground out U3 (Groundball, 34, EV 100.0 MPH)
Batting: RHB Chris Trites 0-0: Called Strike
0-1: Ball
1-1: TRIPLE (Flyball, 89XD, EV 107.5 MPH)
Batting: RHB Tony Cabrera 0-0: Foul Ball, location: 2F
0-1: Reached on error, E6 (Groundball, 6, EV 101.2 MPH)
Chris Trites scores
Batting: RHB Vicente Guillen 0-0: Ball
1-0: Called Strike
Tony Cabrera is caught stealing 2nd base 2-4
Bottom of the 4th over - 1 run, 1 hit, 1 error, 0 left on base; Johnson City 2 - Danville 3
TOP OF THE 5TH
Johnson City Cardinals batting - Pitching for Danville Braves : RHP Rick Grenfell
Batting: LHB Ken Compton 0-0: Ball
1-0: Foul Ball, location: 2F
1-1: Ball
2-1: Ground out 1-3 (Groundball, 34S, EV 70.0 MPH)
Batting: LHB Billy Lang 0-0: Called Strike
0-1: Swinging Strike
0-2: Ball
1-2: Ball
2-2: Ball
3-2: Foul Ball, location: 2F
3-2: Base on Balls
Batting: RHB Geoff Musico 0-0: Called Strike
Billy Lang steals 2nd base
0-1: Foul Ball, location: 2F
0-2: DOUBLE (Line Drive, 3D, EV 100.6 MPH)
Billy Lang scores
Batting: LHB Mike East 0-0: Ball
1-0: Swinging Strike
1-1: Foul Ball, location: 2F
1-2: Foul Ball, location: 2F
1-2: Ball
2-2: Ball
3-2: Foul Ball, location: 2F
3-2: Base on Balls
Pitching: RHP Jeremy Armstrong
Batting: RHB Bobby Miles 0-0: Ball
Wild Pitch!
Geoff Musico to third
Mike East to second
1-0: Ball
2-0: Swinging Strike
2-1: Called Strike
2-2: Foul Ball, location: 2F
2-2: Strikes out swinging
Batting: RHB Edgar Klockow 0-0: Called Strike
0-1: SINGLE (Line Drive, 56D, EV 101.2 MPH)
Geoff Musico scores
Mike East to third
Runner from 3rd tries for Home, throw by LF and OUT! 7-2
Top of the 5th over - 2 runs, 2 hits, 0 errors, 1 left on base; Johnson City 4 - Danville 3
BOTTOM OF THE 5TH
Danville Braves batting - Pitching for Johnson City Cardinals : LHP Craig Soole
Batting: RHB Vicente Guillen 0-0: Ball
1-0: Called Strike
1-1: Ball
2-1: Swinging Strike
2-2: Strikes out swinging
Batting: RHB Curtis Montgomery 0-0: Called Strike
0-1: Swinging Strike
0-2: Foul Ball, location: 2F
0-2: Foul Ball, location: 2F
0-2: Foul Ball, location: 2F
0-2: SINGLE (Groundball, 6MD, EV 106.2 MPH)
Batting: RHB Rafael Reyes 0-0: Ball
1-0: Ball
2-0: Foul Ball, location: 2F
2-1: Foul Ball, location: 2F
2-2: Foul Ball, location: 2F
2-2: Foul Ball, location: 2F
2-2: Ball
3-2: Foul Ball, location: 2F
3-2: Foul Ball, location: 2F
3-2: Base on Balls
Curtis Montgomery to second
Batting: RHB Gebre-Giorgios Wangondu 0-0: Called Strike
0-1: Called Strike
0-2: Ball
1-2: Ball
2-2: DOUBLE (Flyball, 8LXD, EV 87.5 MPH)
Curtis Montgomery scores
Rafael Reyes to third
Runner from 3rd tries for Home, SAFE, throw by CF to home
Pitching: LHP Andy Fitzsimmons
Batting: LHB Tamaichi Sasada 0-0: Foul Ball, location: 2F
0-1: Ball
1-1: Foul Ball, location: 2F
1-2: SINGLE (Line Drive, 56D, EV 98.8 MPH)
Gebre-Giorgios Wangondu to third
Runner from 3rd tries for Home, throw by LF and OUT! 7-2
Tamaichi Sasada to second
Batting: RHB Tim Molchan 0-0: Ball
1-0: Ball
2-0: Ball
3-0: Called Strike
3-1: Base on Balls
Batting: RHB Dave Pizarro 0-0: Called Strike
0-1: Ball
1-1: Foul Ball, location: 2F
1-2: Ball
2-2: Foul Ball, location: 2F
2-2: Ground out 4-3 (Groundball, 4, EV 99.4 MPH)
Bottom of the 5th over - 2 runs, 3 hits, 0 errors, 2 left on base; Johnson City 4 - Danville 5
TOP OF THE 6TH
Johnson City Cardinals batting - Pitching for Danville Braves : RHP Jeremy Armstrong
Batting: RHB Sam Daw 0-0: Swinging Strike
0-1: Foul Ball, location: 2F
0-2: Strikes out swinging
Batting: RHB Nick Latulippe 0-0: Called Strike
0-1: Ball
1-1: Called Strike
1-2: Ball
2-2: Ball
3-2: Base on Balls
Batting: SHB Justin Towry 0-0: Ball
1-0: Foul Ball, location: 2F
1-1: DOUBLE (Line Drive, 5D, EV 103.8 MPH)
Nick Latulippe to third
Runner from 3rd tries for Home, SAFE, throw by LF to home
Batting: LHB Ken Compton 0-0: Ball
1-0: SINGLE (Groundball, 6MD, EV 98.1 MPH)
Justin Towry to third
Runner from 3rd tries for Home, SAFE, throw by CF to home
Batting: LHB Billy Lang 0-0: Ball
1-0: Foul Ball, location: 2F
1-1: Called Strike
1-2: Foul Ball, location: 2F
1-2: Strikes out swinging
Batting: RHB Geoff Musico 0-0: Called Strike
0-1: Called Strike
Ken Compton steals 2nd base
0-2: Strikes out swinging
Top of the 6th over - 2 runs, 2 hits, 0 errors, 1 left on base; Johnson City 6 - Danville 5
BOTTOM OF THE 6TH
Danville Braves batting - Pitching for Johnson City Cardinals : LHP Andy Fitzsimmons
Batting: RHB Chris Trites 0-0: Fly out, F8 (Line Drive, 78D, EV 97.5 MPH)
Batting: RHB Tony Cabrera 0-0: SINGLE (Line Drive, 8LS, EV 97.5 MPH)
Batting: RHB Vicente Guillen 0-0: Foul Ball, location: 2F
0-1: Ball
1-1: Grounds into double play, 6-4-3 (Groundball, 6, EV 85.6 MPH)
Bottom of the 6th over - 0 runs, 1 hit, 0 errors, 0 left on base; Johnson City 6 - Danville 5
TOP OF THE 7TH
Johnson City Cardinals batting - Pitching for Danville Braves : RHP Jeremy Armstrong
Batting: LHB Mike East 0-0: Ball
1-0: Ground out 6-3 (Groundball, 6M, EV 98.8 MPH)
Batting: RHB Bobby Miles 0-0: Foul Ball, location: 2F
0-1: Ball
1-1: Foul Ball, location: 2F
1-2: Ball
2-2: Foul Ball, location: 2F
2-2: Strikes out looking
Batting: RHB Edgar Klockow 0-0: Called Strike
0-1: Fly out, F8 (Line Drive, 78M, EV 96.2 MPH)
Top of the 7th over - 0 runs, 0 hits, 0 errors, 0 left on base; Johnson City 6 - Danville 5
BOTTOM OF THE 7TH
Danville Braves batting - Pitching for Johnson City Cardinals : LHP Andy Fitzsimmons
Batting: RHB Curtis Montgomery 0-0: Foul Ball, location: 2F
0-1: Ball
1-1: Fly out, F5 (Line Drive, 5L, EV 62.5 MPH)
Batting: RHB Rafael Reyes 0-0: Called Strike
0-1: Swinging Strike
0-2: Strikes out swinging
Batting: RHB Gebre-Giorgios Wangondu 0-0: Ball
1-0: Foul Ball, location: 2F
1-1: Called Strike
1-2: Ball
2-2: Ball
3-2: Strikes out swinging
Bottom of the 7th over - 0 runs, 0 hits, 0 errors, 0 left on base; Johnson City 6 - Danville 5
TOP OF THE 8TH
Johnson City Cardinals batting - Pitching for Danville Braves : RHP Jeremy Armstrong
Batting: RHB Sam Daw 0-0: SINGLE (Groundball, 3D, EV 96.2 MPH)
Pitching: RHP Dan Spahn
Batting: RHB Nick Latulippe 0-0: Ball
Sam Daw is caught stealing 2nd base 2-4
1-0: Ball
2-0: Ball
3-0: Called Strike
3-1: Swinging Strike
3-2: Strikes out looking
Batting: SHB Justin Towry 0-0: Foul Ball, location: 2F
0-1: Fly out, F8 (Flyball, 8LD, EV 88.8 MPH)
Top of the 8th over - 0 runs, 1 hit, 0 errors, 0 left on base; Johnson City 6 - Danville 5
BOTTOM OF THE 8TH
Danville Braves batting - Pitching for Johnson City Cardinals : LHP Andy Fitzsimmons
Batting: LHB Tamaichi Sasada 0-0: Ball
1-0: Called Strike
1-1: Foul Ball, location: 2F
1-2: Strikes out swinging
Pitching: RHP Jim Morse
Batting: RHB Tim Molchan 0-0: Ball
1-0: Foul Ball, location: 2F
1-1: Ball
2-1: Ball
3-1: Base on Balls
Batting: RHB Dave Pizarro 0-0: SINGLE (Groundball, 6MD, EV 95.0 MPH)
Tim Molchan to second
Batting: RHB Chris Trites 0-0: Bunt missed!
0-1: Bunt missed!
0-2: Fielders Choice at 2nd, 6-4 (Groundball, 6, EV 86.2 MPH)
Tim Molchan to third
Batting: RHB Tony Cabrera 0-0: Ball
1-0: Fielders Choice at 2nd, 5-4 (Groundball, 5, EV 85.6 MPH)
Bottom of the 8th over - 0 runs, 1 hit, 0 errors, 2 left on base; Johnson City 6 - Danville 5
TOP OF THE 9TH
Johnson City Cardinals batting - Pitching for Danville Braves : RHP Dan Spahn
Pitching: RHP Jimmy Loudner
Batting: LHB Ken Compton 0-0: Ball
1-0: Foul Ball, location: 2F
1-1: Foul Ball, location: 2F
1-2: Foul Ball, location: 2F
1-2: Foul Ball, location: 2F
1-2: Ground out U3 (Groundball, 3L, EV 83.8 MPH)
Batting: LHB Billy Lang 0-0: Ball
1-0: Foul Ball, location: 2F
1-1: Swinging Strike
1-2: Foul Ball, location: 2F
1-2: Ball
2-2: Strikes out swinging
Batting: RHB Geoff Musico 0-0: Called Strike
0-1: Foul Ball, location: 2F
0-2: Ball
1-2: Ball
2-2: Foul Ball, location: 2F
2-2: Fly out, F8 (Flyball, 8RM, EV 84.4 MPH)
Top of the 9th over - 0 runs, 0 hits, 0 errors, 0 left on base; Johnson City 6 - Danville 5
BOTTOM OF THE 9TH
Danville Braves batting - Pitching for Johnson City Cardinals : RHP Jim Morse
Batting: RHB Vicente Guillen 0-0: DOUBLE (Line Drive, 7LS, EV 113.8 MPH)
Batting: RHB Curtis Montgomery 0-0: Called Strike
0-1: Ball
1-1: Bunted foul
1-2: Ball
2-2: 2-RUN HOME RUN (Flyball, 7D, EV 92.5 MPH), Distance : 362 ft
Bottom of the 9th over - 2 runs, 2 hits, 0 errors, 0 left on base; Johnson City 6 - Danville 7
Tuesday, September 13th , 2022 - OOTP Baseball 23.7 Build 88